 Dungeon Crawl Stone Soup version 0.24.1 (webtiles) character file.

Game seed: 15527353830426507862, levelgen mode: deterministic

40 BowlsofSteal the Skirmisher (level 3, 0/29 HPs)
             Began as a Demonspawn Berserker on Apr 5, 2020.
             Was a Believer of Trog.
             Killed from afar by Sigmund (5 damage)
             ... with a puff of flame
             ... on level 2 of the Dungeon.
             The game lasted 00:10:08 (1256 turns).

BowlsofSteal the Skirmisher (Demonspawn Berserker)  Turns: 1256, Time: 00:10:08

Health: 0/29       AC:  5    Str: 18    XL:     3   Next: 30%
Magic:  3/3        EV: 11    Int:  8    God:    Trog [**....]
Gold:   79         SH:  0    Dex: 12    Spells: 2/2 levels left

rFire    . . .     SeeInvis .   f - +3 short sword
rCold    . . .     Gourm    .   (no shield)
rNeg     . . .     Faith    .   m - +0 ring mail
rPois    .         Spirit   .   (no helmet)
rElec    .         Reflect  .   (no cloak)
rCorr    .         Harm     .   (no gloves)
MR       .....                  (no boots)
Stlth    ++........             (no amulet)
HPRegen  0.09/turn              (no ring)
MPRegen  0.08/turn              (no ring)

@: no status effects
A: nightstalker 1, spiny 1
a: Berserk, Trog's Hand, Renounce Religion


You were on level 2 of the Dungeon.
You worshipped Trog.
Trog was pleased with you.
You were not hungry.

You visited 1 branch of the dungeon, and saw 2 of its levels.

You collected 79 gold pieces.

Inventory:

Hand Weapons
 a - a +0 hand axe
 d - a +0 dagger
 f - a +3 short sword (weapon)
 g - a +0 club
 j - a +0 club
Missiles
 k - 15 sling bullets
 p - 14 poisoned darts (quivered)
Armour
 b - a +0 animal skin
 e - a +0 ring mail
 h - a +0 leather armour
 i - a +0 robe
 m - a +0 ring mail (worn)
Scrolls
 l - a scroll of amnesia {unknown}
 n - 3 scrolls of identify {unknown}
 q - a scroll of teleportation {unknown}
Potions
 o - a potion of lignification {unknown}
Comestibles
 c - 5 rations


   Skills:
 + Level 3.4 Fighting
 + Level 0.1 Short Blades
 + Level 3.2 Axes
 + Level 2.1 Armour
 + Level 2.1 Dodging


You had 2 spell levels left.
You didn't know any spells.
Your spell library was empty.

Dungeon Overview and Level Annotations

Branches:
Dungeon (2/15)

Altars:
Hepliaklqana

Annotations:
D:2 Sigmund


Innate Abilities, Weirdness & Mutations

You are slightly more attuned to the shadows.
You are partially covered in sharp spines.


Message History

Sigmund hits you but does no damage.
You hit Sigmund.
Sigmund is heavily wounded.
Sigmund hits you with a +0 scythe!
* * * LOW HITPOINT WARNING * * *
Your ring mail prevents you from hitting Sigmund.
Sigmund is heavily wounded.
Sigmund barely misses you.
You closely miss Sigmund.
Sigmund is heavily wounded.
Sigmund closely misses you. Sigmund barely misses you.
Sigmund points at you and mumbles some strange words.
The puff of flame misses you.
Sigmund points at you and mumbles some strange words.
The magic dart hits you.
* * * LOW HITPOINT WARNING * * *
Sigmund gestures at you while chanting. The puff of flame hits you.
You die...

# #########
.##.##........
........†.....
.###.#.##################
# #.# #............#
#@#####.##########.#
#....@..### #.#
######....# #.# #.##.#
#.# #....# #.# ###### #.#
#.# #.# #.# #.#


You could see Sigmund.

Vanquished Creatures
  A dart slug (D:1)
  A leopard gecko (D:1)
  2 ball pythons
  3 bats (D:1)
  2 giant cockroaches (D:2)
  3 goblins
  8 hobgoblins
  2 jackals (D:1)
  A quokka (D:2)
  3 frilled lizards
  4 kobolds
  2 rats (D:1)
  A plant (D:1)
33 creatures vanquished.

Notes
Turn   | Place    | Note
-------+----------+-------------------------------------------
     0 | D:1      | BowlsofSteal the Demonspawn Berserker began the quest for
                  | the Orb.
     0 | D:1      | Reached XP level 1. HP: 18/18 MP: 1/1
   299 | D:1      | Gained mutation: You are partially covered in sharp spines.
                  | [demonic ancestry]
   299 | D:1      | Reached XP level 2. HP: 24/24 MP: 2/2
   671 | D:1      | Gained mutation: You are slightly more attuned to the
                  | shadows. [demonic ancestry]
   671 | D:1      | Reached XP level 3. HP: 29/29 MP: 3/3
   975 | D:2      | Found a hazy altar of Hepliaklqana.
  1013 | D:2      | Reached ** piety under Trog
  1239 | D:2      | Noticed Sigmund
  1256 | D:2      | Killed from afar by Sigmund

Levels and vault maps discovered:
D:1:      tarquinn_simple_flora_water_a, layout_loops_ring
D:2:      layout_basic, gammafunk_temple_overflow_forgotten, old_standard_altar,
          chequers_ecumenical_altar_simple_redux, corexii_corridor_pit,
          uniq_sigmund, uniq_crazy_yiuf_cottage

Skill      XL: |  1  2 |
---------------+-------+-----
Axes           | 3 |  3.2
Dodging        | 2 |  2.1
Armour         | 2 |  2.1
Fighting       | |  3.4
Short Blades   | |  0.1

Action                   || total
-------------------------++-------
Melee: Hand axe          ||    80
       Short sword       ||    40
  Use: Potion            ||     4
  Eat: Chunk             ||     1
Armor: Ring mail         ||    21
Dodge: Dodged            ||    32
